 Dungeon Crawl Stone Soup version 0.29.1-15-g9cfb28693d (webtiles) character file.

Game seed: 7176201444068326934

2947 asdfasdf the Cleaver (level 9, 0/79 HPs)
             Began as a Hill Orc Fighter on Apr 29, 2023.
             Slain by a hellwing (4 damage)
             ... summoned by a kobold demonologist
             ... in a bailey.
             The game lasted 00:16:52 (8205 turns).

asdfasdf the Cleaver (Hill Orc Fighter)             Turns: 8205, Time: 00:16:55

Health: 0/79       AC: 12    Str: 26 (27) XL:     9   Next: 80%
Magic:  9/9        EV:  8    Int:  5 (7)  God:
Gold:   338        SH:  6    Dex:  8 (9)  Spells: 8/8 levels left

rFire   . . .      SeeInvis .   a - +1 war axe (spect)
rCold   . . .      Faith    .   c - +2 buckler
rNeg    . . .      Spirit   .   l - +0 chain mail
rPois   .          Reflect  .   (helmet restricted)
rElec   .          Harm     .   (no cloak)
rCorr   .          Rampage  .   (no gloves)
Will    .....                   w - +0 pair of boots
Stlth   ..........              (no amulet)
HPRegen 0.23/turn               (no ring)
MPRegen 0.11/turn               (no ring)

@: mighty, hasted, studying Armour, very quick
A: beak, screaming 1, strong 1
a: no special abilities


You were in a bailey.
You visited 1 branch of the dungeon, and saw 7 of its levels.
You also visited: Bailey.

You collected 442 gold pieces.
You spent 104 gold pieces at shops.

Inventory:

Hand Weapons
 a - a +1 spectral war axe (weapon)
Armour
 c - a +2 buckler (worn)
 l - a +0 chain mail (worn)
 q - the +0 ring mail of Jefo {Str+3}
   (You found it on level 5 of the Dungeon)

   Str:       It affects your strength (+3).
 w - a +0 pair of boots (worn)
Jewellery
 e - a ring of wizardry
 n - a ring of wizardry
 v - an amulet of faith
Wands
 j - a wand of polymorph (8)
 k - a wand of roots (14)
Scrolls
 f - 3 scrolls of teleportation
 g - a scroll of summoning {unknown}
 h - 5 scrolls of identify
 i - 2 scrolls of immolation {unknown}
 m - a scroll of enchant weapon
 o - a scroll of brand weapon
 p - 2 scrolls of noise {unknown}
 r - a scroll of magic mapping
 t - a scroll of amnesia {unknown}
 u - a scroll of torment {unknown}
Potions
 s - 2 potions of haste
 x - a potion of lignification


   Skills:
 + Level 7.4 Fighting
 + Level 11.2 Axes
 + Level 9.2 Armour
 + Level 2.0 Dodging
 + Level 1.6 Stealth
 + Level 5.9 Shields


You had 8 spell levels left.
You didn't know any spells.
Your spell library contained the following spells:

 Spells                   Type           Power      Damage    Failure   Level
 Foxfire                  Conj/Fire      0%         2x1d4     98%         1
 Conjure Flame            Conj/Fire      0%         6-21      100%        3
 Inner Flame              Hex/Fire       0%         N/A       100%        3
 Flame Wave               Conj/Fire      0%         2d4       100%        4


Dungeon Overview and Level Annotations

Branches:
Dungeon (7/15)             Temple (0/1) D:5          Bailey (1/1)

Altars:
Ashenzari
Cheibriados
Dithmenos
Fedhas
Nemelex Xobeh
Qazlal
Sif Muna
Uskayaw

Shops:
D:1 *!*=   D:3 ?   D:5 [[(


Innate Abilities, Weirdness & Mutations

You have a beak for a mouth.
You occasionally shout uncontrollably at your foes.
Your muscles are strong. (Str +4, Int/Dex -1)


Message History

The kobold demonologist hits you with a +0 war axe.
The hellwing hits you! You block the hellwing's attack.
The kobold demonologist hits you but does no damage.
The hellwing hits you! The hellwing barely misses you.
The kobold demonologist hits you with a +0 war axe!
The hellwing hits you.
The hellwing hits you but does no damage.
The kobold demonologist mumbles some strange words.
The hellwing hits you.
The hellwing hits you but does no damage.
The kobold demonologist hits you with a +0 war axe!
You block the quasit's attack.
The quasit claws you but does no damage. x2
The kobold demonologist hits you but does no damage.
You block the hellwing's attack. The hellwing barely misses you.
The quasit bites you but does no damage.
You block the quasit's attack.
The quasit claws you but does no damage.
The kobold demonologist hits you but does no damage.
The hellwing hits you!
* * * LOW HITPOINT WARNING * * *
The hellwing hits you but does no damage.
You feel very mighty all of a sudden.
The quasit bites you but does no damage.
The quasit claws you but does no damage. x2
The quasit bites you but does no damage.
The quasit barely misses you.
The quasit claws you but does no damage.
The kobold demonologist hits you with a +0 war axe!
* * * LOW HITPOINT WARNING * * *
The hellwing hits you.
* * * LOW HITPOINT WARNING * * *
The hellwing hits you but does no damage.
You feel yourself speed up. You block the quasit's attack.
The quasit barely misses you.
The quasit claws you but does no damage.
The kobold demonologist hits you with a +0 war axe.
* * * LOW HITPOINT WARNING * * *
You block the hellwing's attack. The hellwing hits you.
You die...

~~~~~~~~~#### +.
...∩........' ##.
###.######).# ...
#.))#... ..
#.))#.). #'##
###+##)# #..# #..#
#5K# #..# #.@# #..#
#.4# #..# #))# #..#
##)# #)## #..# #..#
#.8# #8.# #..# #..#
#.8#### ####8.#
#.....#######.....#


You could see a hellwing (summoned), a kobold demonologist and a quasit
(summoned).

Vanquished Creatures
  Pikel (D:6)
  A steam dragon (D:6)
  A water moccasin (D:5)
  6 orc warriors
  A sky beast (D:6)
  A black bear (D:6)
  An ogre (D:5)
  3 centaurs
  2 phantoms
  A bullfrog (D:6)
  5 scorpions
  An electric eel (Bailey)
  4 hounds
  2 orc priests
  2 jellies
  A gnoll bouda (D:6)
  4 iguanas
  2 orc wizards
  9 gnolls
  5 adders
  A white imp (D:7)
  2 worms
  4 dart slugs
  21 orcs
  4 endoplasms
  2 giant cockroaches (D:2)
  10 goblins
  12 hobgoblins
  3 jackals (D:5)
  7 quokkas
  7 ball pythons
  6 bats
  3 frilled lizards
  8 kobolds
  2 rats
145 creatures vanquished.

Vanquished Creatures (others)
  2 fungi (D:3)
  9 plants (D:3)
11 creatures vanquished.

Grand Total: 156 creatures vanquished

Notes
Turn   | Place    | Note
-------+----------+-------------------------------------------
     0 | D:1      | asdfasdf the Hill Orc Fighter began the quest for the Orb.
     0 | D:1      | Reached XP level 1. HP: 19/19 MP: 1/1
   319 | D:1      | Found Bynuez's Jewellery Shoppe.
   703 | D:1      | Found Much's General Store.
   803 | D:1      | Reached XP level 2. HP: 9/27 MP: 2/2
  1024 | D:1      | Found Iteusishre's General Store.
  1182 | D:1      | Reached skill level 3 in Axes
  1312 | D:1      | Found Irirch's Distillery.
  1782 | D:2      | Reached XP level 3. HP: 28/33 MP: 3/3
  2196 | D:2      | Reached skill level 1 in Dodging
  2337 | D:2      | Reached XP level 4. HP: 36/40 MP: 4/4
  2710 | D:2      | Gained mutation: Your mind is acute. (Int +4, Str/Dex -1)
                  | [potion of mutation]
  2711 | D:2      | Lost mutation: Your mind is acute. (Int +4, Str/Dex -1)
                  | [potion of mutation]
  2711 | D:2      | Gained mutation: Your muscles are strong. (Str +4, Int/Dex
                  | -1) [potion of mutation]
  2711 | D:2      | Gained mutation: You occasionally shout uncontrollably at
                  | your foes. [potion of mutation]
  2711 | D:2      | Gained mutation: You have a beak for a mouth. [potion of
                  | mutation]
  2908 | D:3      | Found a faded altar of an unknown god.
  3006 | D:3      | Found a blossoming altar of Fedhas.
  3021 | D:3      | Found a stormy altar of Qazlal.
  3050 | D:3      | Reached skill level 4 in Axes
  3181 | D:3      | Found Zevvacs's Magic Scroll Shop.
  3204 | D:3      | Bought a scroll of brand weapon for 104 gold pieces
  3305 | D:3      | Found a shadowy altar of Dithmenos.
  3687 | D:4      | Reached XP level 5. HP: 23/46 MP: 5/5
  4008 | D:4      | Noticed a phantom
  4019 | D:4      | Reached skill level 5 in Axes
  4019 | D:4      | Reached XP level 6. HP: 45/53 MP: 6/6
  4282 | D:4      | Reached skill level 5 in Armour
  4704 | D:5      | Entered Level 5 of the Dungeon
  4746 | D:5      | Found a staircase to the Ecumenical Temple.
  4774 | D:5      | Reached XP level 7. HP: 60/60 MP: 7/7
  4781 | D:5      | Found a shimmering blue altar of Sif Muna.
  4819 | D:5      | Reached skill level 5 in Fighting
  4819 | D:5      | Reached skill level 6 in Axes
  4844 | D:5      | Identified the +0 ring mail of Jefo {Str+3}
  5101 | D:5      | Found Erun's Armour Boutique.
  5101 | D:5      | Found Huclim's Armour Shop.
  5104 | D:5      | Found Yphuel's Weapon Boutique.
  5287 | D:5      | Found a hide-covered altar of Uskayaw.
  5351 | D:5      | Reached skill level 7 in Axes
  5351 | D:5      | Reached XP level 8. HP: 66/69 MP: 8/8
  5352 | D:5      | Reached skill level 1 in Stealth
  5946 | D:6      | Reached skill level 8 in Axes
  5946 | D:6      | Reached skill level 5 in Shields
  6173 | D:6      | Found a glowing drain.
  6344 | D:6      | Reached skill level 9 in Axes
  6430 | D:6      | Noticed Pikel
  6437 | D:6      | Killed Pikel
  6438 | D:6      | Reached skill level 10 in Axes
  6438 | D:6      | Reached XP level 9. HP: 68/78 MP: 9/9
  6555 | D:6      | Found a broken altar of Ashenzari.
  7294 | D:7      | Found a sparkling altar of Nemelex Xobeh.
  7312 | D:7      | Found a snail-covered altar of Cheibriados.
  7358 | D:7      | Found a flagged portal.
  7381 | Bailey   | Entered a bailey
  7772 | Bailey   | Reached skill level 11 in Axes
  8193 | Bailey   | Noticed a kobold demonologist
  8195 | Bailey   | Noticed a hellwing
  8205 | Bailey   | Slain by a hellwing

Illustrated notes

Levels and vault maps discovered:
D:1:      reono_arrival_forest_river, layout_basic, serial_shops, shop,
          nicolae_shop_crystal, shop, nicolae_lakefront_shop
D:2:      layout_basic
D:3:      layout_loops_corners, grunt_dithmenos_smoke,
          grunt_temple_overflow_forces_of_nature, serial_shops, shop_fountains,
          shapermc_ecumenical_altar_mp_ritualfount, moated_statue
D:4:      layout_basic, st_stairs_11
D:5:      layout_basic, nicolae_sif_muna_condensation,
          nicolae_overflow_crystal_walls, minmay_temple_entry_ruins,
          serial_glass, glass_columns_a, glass_columns_b,
          nicolae_wooded_promenade, minmay_manual_mares
D:6:      layout_gridville, evilmike_ruin_ashenzari,
          cheibrodos_sewer_entry_drain, uniq_pikel
D:7:      layout_loops_cross, nemelex_spade_bored_becter,
          mainiacjoe_overflow_24_doors, enter_bailey_5
Bailey:   bailey_axe_of_yendor_kennysheep, bailey

Skill      XL: |  1  2  3  4  5  6  7  8  9 |
---------------+----------------------------+-----
Axes           | 3 4 5 7 10 11 | 11.2
Fighting       | 4 5 6 7 |  7.4
Armour         | 4 5 6 7 9 |  9.2
Dodging        | 1 2 |  2.0
Shields        | 4 5 |  5.9
Stealth        | 1 |  1.6

Action                   |  1- 3 |  4- 6 |  7- 9 || total
-------------------------+-------+-------+-------++-------
Melee: War axe           |   116 |   116 |   146 ||   378
       Peck              |       |    21 |    23 ||    44
  Use: Scroll            |       |    10 |       ||    10
       Potion            |       |     2 |    10 ||    12
 Stab: Distracted        |       |       |     1 ||     1
Armor: Scale mail        |    89 |    42 |       ||   131
       Chain mail        |       |    10 |    87 ||    97
Dodge: Dodged            |    95 |    52 |    61 ||   208
Block: Buckler           |    42 |    37 |    58 ||   137
